 Dungeon Crawl Stone Soup version 0.25-a0-617-g20d90ebb82 (webtiles) character file.

Game seed: 16739875212778102519, levelgen mode: deterministic

7615 Mehrunes the Thaumaturge (level 10, -5/56 HPs)
             Began as a Deep Elf Wizard on Mar 18, 2020.
             Was an Elder of Sif Muna.
             Slain by a two-headed ogre
             ... wielding a +0 giant club
              (14 damage)
             ... on level 9 of the Dungeon.
             The game lasted 00:51:55 (16242 turns).

Mehrunes the Thaumaturge (Deep Elf Wizard)         Turns: 16242, Time: 00:51:56

Health: -5/56      AC:  5    Str:  4    XL:     10   Next: 98%
Magic:  22/28      EV: 18    Int: 27    God:    Sif Muna [****..]
Gold:   273        SH:  4    Dex: 13    Spells: 23/34 levels left

rFire    . . .     SeeInvis +   w - +1 dagger (elec)
rCold    . . .     Gourm    .   h - +0 buckler
rNeg     . . .     Faith    .   a - +0 robe
rPois    +         Spirit   .   b - +0 hat
rElec    .         Reflect  .   v - +0 cloak
rCorr    .         Harm     .   Q - +1 pair of gloves
MR       +....                  (no boots)
Stlth    ++........             g - amulet of magic regeneration
HPRegen  0.18/turn              L - ring of poison resistance
MPRegen  0.46/turn              x - ring of see invisible

@: no status effects
A: no striking features
a: Channel Magic, Forget Spell, Divine Exegesis, Renounce Religion


You were on level 9 of the Dungeon.
You worshipped Sif Muna.
Sif Muna was greatly pleased with you.
You were very hungry.

You visited 2 branches of the dungeon, and saw 11 of its levels.

You collected 357 gold pieces.
You spent 84 gold pieces at shops.

Inventory:

Hand Weapons
 c - a +0 dagger
 w - a +1 dagger of electrocution (weapon)
 H - a +0 vorpal mace
 I - a +1 hand axe of pain
Missiles
 y - 2 throwing nets (quivered)
Armour
 a - a +0 robe (worn)
 b - a +0 hat (worn)
 h - a +0 buckler (worn)
 l - a +0 pair of gloves
 v - a +0 cloak (worn)
 P - a scarf of cloud immunity
 Q - a +1 pair of gloves (worn)
 R - a +0 troll leather armour
Jewellery
 g - an amulet of magic regeneration (around neck)
 o - an uncursed ring of resist corrosion
 x - a ring of see invisible (right hand)
 J - a +1 ring of evasion
 L - a ring of poison resistance (left hand)
Wands
 B - a wand of random effects (18)
 T - a wand of acid (8)
Scrolls
 e - 4 scrolls of teleportation
 f - 2 scrolls of random uselessness
 i - 6 scrolls of remove curse
 k - 3 scrolls of fear
 n - 7 scrolls of identify
 q - a scroll of immolation {unknown}
 s - 2 scrolls of magic mapping {unknown}
 C - 2 scrolls of enchant weapon {unknown}
 G - 2 scrolls of blinking {unknown}
 M - 2 scrolls of vulnerability {unknown}
 N - a scroll of amnesia {unknown}
 O - a scroll of silence {unknown}
 S - 2 scrolls of fog {unknown}
Potions
 j - a potion of resistance
 m - a potion of might
 p - 2 potions of lignification
 r - 4 potions of cancellation
 t - 2 potions of magic
 u - a potion of brilliance {unknown}
 z - a potion of invisibility {unknown}
 A - a potion of degeneration
 D - a potion of curing
 E - a potion of stabbing {unknown}
 F - a potion of mutation {unknown}
Comestibles
 d - 18 rations


   Skills:
 + Level 3.4 Fighting
 + Level 0.4 Short Blades
 - Level 10.5 Dodging
 - Level 2.4 Stealth
 + Level 3.0 Shields
 + Level 12.7 Spellcasting
 - Level 4.0 Conjurations
 - Level 1.1 Summonings
 - Level 1.1 Translocations
 - Level 2.5 Fire Magic
 - Level 3.3 Air Magic
 - Level 3.5 Poison Magic
 - Level 7.0 Invocations


You had 23 spell levels left.
You knew the following spells:

 Your Spells              Type           Power        Failure   Level  Hunger
a - Magic Dart            Conj           ####         1%          1    None
b - Call Imp              Summ           ###.....     3%          2    None
c - Blink                 Tloc           N/A          3%          2    None
d - Mephitic Cloud        Conj/Pois/Air  #####...     2%          3    None
e - Conjure Flame         Conj/Fire      #####...     2%          3    None

Your spell library contained the following spells:

 Spells                   Type           Power        Failure   Level  Hunger
 Slow                     Hex            ###.....     5%          2    None
 Irradiate                Conj/Tmut      ####......   41%         5    ##.....
 Hydra Form               Tmut           ###.......   99%         6    #####..
 Statue Form              Tmut/Erth      ###......    99%         6    #####..
 Dragon Form              Tmut           ###.......   100%        7    ######.


Dungeon Overview and Level Annotations

Branches:
Dungeon (10/15)            Temple (0/1) D:4            Lair (1/6) D:9
    Orc (0/2) D:9

Altars:
Kikubaaqudgha
Nemelex Xobeh
Qazlal
Sif Muna
Xom
Yredelemnul

Shops:
D:7 (   D:8 [?!%[   D:9 *

Annotations:
D:6 1 runed translucent door, Crazy Yiuf
D:10 Snorg


Message History

Confirm with . or Enter, or press ? or * to list all spells.
Aiming: Magic Dart (safe; 1% risk of failure)
Press: ? - help, Shift-Dir - straight line, f/p - two-headed ogre
Aim: a two-headed ogre, wielding two +0 giant clubs (flame, heavily wounded)
The magic dart hits the two-headed ogre.
The two-headed ogre is heavily wounded.
The two-headed ogre is engulfed in blazing flames.
The two-headed ogre hits you with a +0 giant club!!
The two-headed ogre hits you with a +0 giant club!
* * * LOW HITPOINT WARNING * * *
Casting: Magic Dart (safe; 1% risk of failure)
Confirm with . or Enter, or press ? or * to list all spells.
Aiming: Magic Dart (safe; 1% risk of failure)
Press: ? - help, Shift-Dir - straight line, f/p - two-headed ogre
Aim: a two-headed ogre, wielding two +0 giant clubs (flame, severely wounded)
The magic dart hits the two-headed ogre.
The two-headed ogre is severely wounded.
The two-headed ogre is engulfed in blazing flames.
The two-headed ogre hits you with a +0 giant club!
You die...

............#..(.#(......##'##..#
............()...##.....##..##..#
##.........[##..#'##...##....#...
##[....(....####..###'#'....#...
##.#######....#....##..##..##...
##..#########..#....÷....####....
#([)....)......##..##....#.......
##)#########....######..##.......
#..###..........@OO.#####..##....
#.(.##...>..##..###.......###....
#.#.##......##................#..
..............................#..
..#.#...#...⌠..≈.≈...............
.##....##.#..≈≈≈≈≈...O...........
[.........##.≈≈≈≈≈≈..............
.##.......##..≈≈≈≈...............
.##.......#...≈.≈...............≈


You could see 2 two-headed ogres.

Vanquished Creatures
  2 two-headed ogres
  3 trolls
  2 hornets
  2 hippogriffs
  A vampire (D:9)
  A steam dragon (D:8)
  2 soldier ants (D:9)
  A black bear (D:7)
  2 orc warriors
  3 ice beasts
  2 sky beasts
  3 ogres
  3 centaurs
  4 wolves (D:9)
  4 big kobolds
  5 bullfrogs
  2 scorpions
  8 wights
  4 electric eels (D:9)
  5 howler monkeys
  6 crimson imps
  3 bullfrog zombies (D:9)
  4 jellies
  4 hounds
  6 orc priests
  2 centaur skeletons
  8 orc wizards
  A bullfrog skeleton (D:8)
  8 worker ants
  A killer bee zombie (D:9)
  A hound zombie (D:7)
  2 worker ant zombies
  2 gnolls
  8 adders
  3 shadow imps
  An ooze (D:6)
  An adder zombie (D:5)
  4 worms
  6 dart slugs
  7 leopard geckos
  34 orcs
  5 giant cockroaches
  2 gnoll zombies (D:6)
  5 goblins
  9 hobgoblins
  2 iguanas
  19 jackals
  23 kobolds
  A quokka (D:4)
  2 ball pythons (D:3)
  5 bats
  4 frilled lizards
  2 jackal skeletons
  2 quokka skeletons (D:5)
  6 rats
258 creatures vanquished.

Notes
Turn   | Place    | Note
-------+----------+-------------------------------------------
     0 | D:1      | Mehrunes the Deep Elf Wizard began the quest for the Orb.
     0 | D:1      | Reached XP level 1. HP: 10/10 MP: 7/7
   147 | D:1      | Reached XP level 2. HP: 15/15 MP: 1/9
   249 | D:1      | Learned a level 2 spell: Call Imp
   252 | D:1      | Learned a level 2 spell: Blink
   337 | D:1      | You fall into a shaft and drop 1 floor!
   875 | D:1      | Reached XP level 3. HP: 16/19 MP: 7/11
   918 | D:1      | Learned a level 3 spell: Mephitic Cloud
   922 | D:1      | Learned a level 3 spell: Conjure Flame
   940 | D:1      | Reached skill level 5 in Spellcasting
  1721 | D:1      | Reached skill level 1 in Air Magic
  2117 | D:2      | Found a faded altar of an unknown god.
  2290 | D:2      | Reached XP level 4. HP: 20/24 MP: 8/13
  2433 | D:3      | You fall into a shaft and drop 2 floors!
  2433 | D:5      | Entered Level 5 of the Dungeon
  2661 | D:3      | Reached skill level 1 in Poison Magic
  2726 | D:3      | Found a shimmering blue altar of Sif Muna.
  2736 | D:3      | Became a worshipper of Sif Muna the Loreminder
  3198 | D:3      | Reached XP level 5. HP: 27/28 MP: 6/14
  3690 | D:4      | Found a staircase to the Ecumenical Temple.
  3748 | D:4      | Found a shimmering altar of Xom.
  3966 | D:4      | Reached XP level 6. HP: 23/32 MP: 5/16
  4482 | D:4      | Reached * piety under Sif Muna
  4691 | D:4      | Reached skill level 6 in Spellcasting
  5104 | D:4      | Found a shimmering altar of Xom.
  5235 | D:5      | Reached XP level 7. HP: 36/36 MP: 13/18
  5291 | D:5      | Reached skill level 1 in Fire Magic
  6505 | D:6      | Reached skill level 1 in Fighting
  6505 | D:6      | Reached skill level 5 in Dodging
  6743 | D:6      | Reached skill level 7 in Spellcasting
  6758 | D:6      | Reached XP level 8. HP: 22/43 MP: 11/20
  7058 | D:6      | Found a basalt altar of Yredelemnul.
  7158 | D:6      | Found a runed translucent door.
  7159 | D:6      | Noticed Crazy Yiuf
  7379 | D:6      | Reached ** piety under Sif Muna
  7921 | D:6      | Found a stormy altar of Qazlal.
  8359 | D:7      | Reached skill level 1 in Invocations
  8463 | D:7      | Reached skill level 8 in Spellcasting
  8809 | D:7      | Found Tulileen's Antique Weapon Boutique.
  9093 | D:7      | Reached XP level 9. HP: 50/50 MP: 13/23
  9920 | D:8      | Reached skill level 5 in Invocations
  9922 | D:8      | Reached *** piety under Sif Muna
  9993 | D:8      | Reached skill level 9 in Spellcasting
 10025 | D:8      | Found Gelatu's Armour Boutique.
 10032 | D:8      | Bought a scarf of cloud immunity for 84 gold pieces
 10263 | D:8      | Noticed a two-headed ogre
 10293 | D:8      | Killed a two-headed ogre
 10293 | D:8      | Reached skill level 10 in Dodging
 10462 | D:8      | Found Voenkuagi's Antique Armour Shop.
 10490 | D:8      | Found Ferhiut's Magic Scroll Shoppe.
 10515 | D:8      | Found a sparkling altar of Nemelex Xobeh.
 10658 | D:8      | Found Diroud's Distillery.
 10689 | D:8      | Found Kuisepra's Food Boutique.
 11236 | D:9      | Reached skill level 10 in Spellcasting
 11239 | D:9      | Reached XP level 10. HP: 49/56 MP: 15/26
 11862 | D:9      | Found Vupt's General Store.
 12016 | D:9      | Reached skill level 11 in Spellcasting
 12047 | D:9      | Noticed a two-headed ogre
 12200 | D:9      | Found a staircase to the Orcish Mines.
 12207 | D:9      | Found an ancient bone altar of Kikubaaqudgha.
 12231 | D:9      | Reached **** piety under Sif Muna
 12296 | D:9      | Killed a two-headed ogre
 12296 | D:9      | Reached skill level 1 in Shields
 13393 | D:9      | Reached skill level 12 in Spellcasting
 14228 | D:9      | Found a staircase to the Lair.
 14789 | D:10     | Entered Level 10 of the Dungeon
 15202 | D:10     | Noticed a two-headed ogre
 15208 | D:10     | Noticed Snorg
 15210 | D:10     | Noticed a two-headed ogre
 15249 | Lair:1   | Entered Level 1 of the Lair of Beasts
 15249 | Lair:1   | Noticed a spiny frog
 16242 | D:9      | Slain by a two-headed ogre

Levels and vault maps discovered:
D:1:      lightli_arrival_boilingwater, layout_basic
D:2:      layout_rooms, nicolae_overflow_hidden_temple,
          chequers_ecumenical_altar_lobes
D:3:      layout_basic, old_standard_altar, first_ration,
          serial_co_window_serial, co_window_corner_a, co_window_corner_a,
          co_window_paths_a, co_window_paths_b, co_window_paths_a,
          co_window_paths_a, co_window_paths_b, co_window_of_opportunity_a,
          co_window_of_opportunity_a, co_window_of_opportunity_c,
          co_window_corner_b, co_window_unsneaky_path_c, co_window_corner_b,
          co_window_broadway_c, glass_columns_a, glass_columns_b,
          glass_columns_b
D:4:      layout_gridville, xom_butterflies,
          minmay_temple_entry_statues_fountains, dk_xom_monty_hall
D:5:      layout_loops_ring
D:6:      layout_basic, grunt_qazlal_sundering, lemuel_zombie_altar_yredelemnul,
          chequers_serial_rivers_large_a, uniq_crazy_yiuf_cottage
D:7:      layout_loops_cross, serial_shops, nicolae_shop_stone
D:8:      layout_loops_corners, kennysheep_mini, serial_shops, shop,
          shop_statue, shop, nicolae_shop_stone, shop
D:9:      minmay_bubble_buster, layout_rooms, kiku_gazebo_pond_becter,
          erik_lair_island, serial_shops, nicolae_shop_stone, special_room
          [special_room_orc], hangedman_pestilent_swarm
D:10:     layout_gridville, uniq_snorg, uniq_fannar
Lair:1:   wander_river, layout_small_grid, serial_bayou_pond_b,
          serial_bayou_shore_a, grunt_megastairs_3

Skill      XL: |  1  2  3  4  5  6  7  8  9 10 |
---------------+-------------------------------+-----
Conjurations   | 2 3 4 |  4.0
Spellcasting   | 5 6 7 8 10 12 | 12.7
Air Magic      | 1 2 3 |  3.3
Poison Magic   | 1 2 3 |  3.5
Dodging        | 3 5 7 10 | 10.5
Fire Magic     | 2 |  2.5
Fighting       | 1 3 |  3.4
Invocations    | 3 5 7 |  7.0
Shields        | 3 |  3.0
Short Blades   | |  0.4
Stealth        | |  2.4
Summonings     | |  1.1
Translocations | |  1.1

Action                   |  1- 3 |  4- 6 |  7- 9 | 10-12 || total
-------------------------+-------+-------+-------+-------++-------
Melee: Dagger            |       |    18 |     2 |       ||    20
 Cast: Magic Dart        |   113 |   157 |   466 |   511 ||  1247
       Mephitic Cloud    |       |     4 |    12 |    21 ||    37
       Call Imp          |       |     1 |       |       ||     1
       Conjure Flame     |       |       |    42 |    34 ||    76
       Blink             |       |       |     5 |    27 ||    32
Invok: Channel Magic     |       |       |       |     2 ||     2
Evoke: Wand              |       |       |       |    13 ||    13
  Use: Scroll            |     4 |     1 |       |     2 ||     7
       Potion            |       |     2 |     4 |     3 ||     9
 Stab: Confused          |       |     2 |       |       ||     2
  Eat: Chunk             |     4 |     7 |    17 |    14 ||    42
       Ration            |       |       |     1 |       ||     1
Armor: Robe              |     8 |     8 |    17 |    14 ||    47
       Skin              |       |       |    11 |       ||    11
Dodge: Dodged            |    28 |    43 |   109 |   148 ||   328
Block: Buckler           |       |       |       |    16 ||    16

Table legend:
 A = Non-vault XP
 B = Vault XP
 C = Vault XP percentage of total XP
 D = Non-vault monster count
 E = Vault monster count
 F = Vault count percentage of total count
                 A         B        C        D         E       F
            +---------+---------+-------+---------+---------+-------
      Total |    7654 |    3225 |  29.6 |     216 |      42 |  16.3
            +---------+---------+-------+---------+---------+-------
        D:1 |      76 |       0 |   0.0 |      32 |       0 |   0.0
        D:2 |      27 |       0 |   0.0 |      15 |       0 |   0.0
        D:3 |     143 |       0 |   0.0 |      25 |       0 |   0.0
        D:4 |     364 |      89 |  19.6 |      18 |       3 |  14.3
        D:5 |     465 |       0 |   0.0 |      17 |       0 |   0.0
        D:6 |     929 |       3 |   0.3 |      24 |       2 |   7.7
        D:7 |     856 |       0 |   0.0 |      20 |       0 |   0.0
        D:8 |    2332 |     132 |   5.4 |      30 |       2 |   6.2
        D:9 |    1696 |    3001 |  63.9 |      30 |      35 |  53.8
       D:10 |     766 |       0 |   0.0 |       5 |       0 |   0.0
            +---------+---------+-------+---------+---------+-------
